 Dungeon Crawl Stone Soup version 0.25.0-10-g039870ee82 (webtiles) character file.

Game seed: 18155642956200318156

40 Lepercus the Skirmisher (level 3, 0/36 HPs)
             Began as a Draconian Chaos Knight on June 23, 2020.
             Was a Plaything of Xom.
             Slain by Crazy Yiuf
             ... wielding a +2 quarterstaff of chaos
              (2 damage)
             ... on level 2 of the Dungeon.
             The game lasted 00:04:45 (866 turns).

Lepercus the Skirmisher (Draconian Chaos Knight)     Turns: 866, Time: 00:04:46

Health: 0/36       AC:  6    Str: 15    XL:     3   Next: 30%
Magic:  3/3        EV: 12    Int: 12    God:    Xom [....*.]
Gold:   58         SH:  0    Dex: 10    Spells: 2/2 levels left

rFire    + . .     SeeInvis .     - Unarmed
rCold    . . .     Gourm    .   (no shield)
rNeg     . . .     Faith    .   (armour unavailable)
rPois    .         Spirit   .   (helmet restricted)
rElec    .         Reflect  .   (no cloak)
rCorr    .         Harm     .   (no gloves)
MR       +....                  e - +0 pair of boots
Stlth    +.........             (no amulet)
HPRegen  0.12/turn              (no ring)
MPRegen  0.08/turn              (no ring)

@: mighty
A: unfitting armour, fire resistance 1, magic resistance 1, robust 1,
cold-blooded, MP-powered wands, AC +5
a: Renounce Religion


You were on level 2 of the Dungeon.
You worshipped Xom.
You were a beloved toy of Xom.
You were not hungry.

You visited 1 branch of the dungeon, and saw 2 of its levels.

You collected 58 gold pieces.

Inventory:

Armour
 e - a +0 pair of boots (worn)
Jewellery
 h - an uncursed ring of ice {unknown}
Scrolls
 b - 2 scrolls of identify {unknown}
 d - a scroll of remove curse
 f - a scroll of teleportation {unknown}
Comestibles
 a - 5 rations
 c - 4 chunks of flesh


   Skills:
 + Level 3.9 Fighting
 + Level 2.4 Dodging
 + Level 0.2 Stealth
 + Level 3.7 Unarmed Combat


You had 2 spell levels left.
You didn't know any spells.
Your spell library was empty.

Dungeon Overview and Level Annotations

Branches:
Dungeon (2/15)

Altars:

Annotations:
D:2 Crazy Yiuf


Innate Abilities, Weirdness & Mutations

Your plain brown scales are hard. (AC +5)
You cannot fit into any form of body armour.
You are cold-blooded and may be slowed by cold attacks.
Your flesh is heat resistant. (rF+)
You are resistant to hostile enchantments. (MR+)
You are robust. (+10% HP)
You expend magic power (3 MP) to strengthen your wands.


Message History

Crazy Yiuf barely misses you.
You barely miss Crazy Yiuf.
Xom smirks.
You detect items!
Crazy Yiuf completely misses you.
You hit Crazy Yiuf.
Crazy Yiuf is moderately wounded.
Crazy Yiuf barely misses you.
You closely miss Crazy Yiuf.
Crazy Yiuf is moderately wounded.
Crazy Yiuf hits you with a +2 quarterstaff of chaos!
* * * LOW HITPOINT WARNING * * *
Crazy Yiuf burns you.
* * * LOW HITPOINT WARNING * * *
It was a potion of might.
You feel very mighty all of a sudden.
You hit Crazy Yiuf.
Crazy Yiuf is moderately wounded.
Crazy Yiuf hits you with a +2 quarterstaff of chaos.
You die...
Xom thinks this is hilarious!

* ,,,, *,,,,∆,, ****
*#.., ,,,* #.#** * *
#.# *,##* #.###..,,
#######....##*
###**###.#.........#
#...##..#...)..##,.#
#...g@####......#,.#
* #)..###
##.....#..# * ###*
#####.#..# * #.....#
* ##.#### #.## #..#
##.# #.#


You could see Crazy Yiuf.

Vanquished Creatures
  An adder (D:2)
  4 bats
  5 giant cockroaches
  3 goblins
  6 hobgoblins
  2 kobolds (D:1)
  4 frilled lizards
  3 rats (D:1)
28 creatures vanquished.

Vanquished Creatures (others)
  A gnoll (D:1)
1 creature vanquished.

Grand Total: 29 creatures vanquished

Notes
Turn   | Place    | Note
-------+----------+-------------------------------------------
     0 | D:1      | Lepercus the Draconian Chaos Knight began the quest for the
                  | Orb.
     0 | D:1      | Reached XP level 1. HP: 19/19 MP: 1/1
   124 | D:1      | Reached XP level 2. HP: 21/26 MP: 2/2
   152 | D:1      | XOM: fog
   233 | D:1      | XOM: 2-stop teleportation journey
   244 | D:1      | XOM: 4-stop teleportation journey
   375 | D:1      | XOM: confuse monster(s)
   477 | D:1      | XOM: give mutations
   477 | D:1      | Gained mutation: You are resistant to hostile enchantments.
                  | (MR+) [Xom's grace]
   477 | D:1      | Gained mutation: Your flesh is heat resistant. (rF+) [Xom's
                  | grace]
   477 | D:1      | Gained mutation: You expend magic power (3 MP) to
                  | strengthen your wands. [Xom's grace]
   477 | D:1      | Gained mutation: You are robust. (+10% HP) [Xom's grace]
   644 | D:1      | XOM: divine lightning
   688 | D:2      | XOM: confuse monster(s)
   729 | D:2      | Reached XP level 3. HP: 12/36 MP: 3/3
   734 | D:2      | XOM: cloud trail
   820 | D:2      | XOM: divination: magic mapping
   851 | D:2      | Found a runed translucent door.
   852 | D:2      | Noticed Crazy Yiuf
   862 | D:2      | XOM: divination: detect items
   866 | D:2      | Slain by Crazy Yiuf

Illustrated notes

Levels and vault maps discovered:
D:1:      lightli_arrival_noodles, layout_basic
D:2:      layout_loops_cross, serial_bayou_crossing, uniq_crazy_yiuf_cottage

Action                   || total
-------------------------++-------
Melee: Unarmed           ||   113
       Tailslap          ||     9
       Punch             ||     3
  Use: Scroll            ||     1
       Potion            ||     1
 Stab: Confused          ||     1
Armor: Skin              ||    52
Dodge: Dodged            ||    97
